 Dungeon Crawl Stone Soup version 0.27-a0-1301-g128193abf8 (webtiles) character file.

Game seed: 12359454875777875908

201692 freelancePsychic the Geomancer (level 18, -4/222 HPs)
             Began as a Palentonga Earth Elementalist on June 17, 2021.
             Was the Champion of Ashenzari.
             Slain by a naga warrior (33 damage)
             ... on level 4 of the Snake Pit.
             The game lasted 02:11:52 (47361 turns).

freelancePsychic the Geomancer (PaEE)              Turns: 47361, Time: 02:11:52

Health: -4/222     AC: 41    Str: 13    XL:     18   Next: 30%
Magic:  13/34      EV: 21    Int: 22    God:    Ashenzari [******]
Gold:   1032       SH:  7    Dex: 15    Spells: 3/42 levels left

rFire    . . .     SeeInvis +   o - staff of conjuration (curse) {Evo, Elem}
rCold    . . .     Faith    .   d - +1 buckler of Ashenzari's Liberalism {reflect, Range, Elem} (curse)
rNeg     + . .     Spirit   .   (armour currently unavailable)
rPois    ∞         Reflect  +   t - +0 helmet of Toth-Mos's Legacy {Comp, Evo} (curse)
rElec    +         Harm     .   W - +2 cloak "Gaze Upon Infinity" {Bglg, Cun} (curse)
rCorr    .         Rampage  .   (gloves currently unavailable)
Will     +....     Clarity  +   (no barding)
Stlth    ++........             P - amulet "Cosmic Fortune-Teller" {RegenMP rElec Dex+4 Slay+5, Self, Evo} (curse)
HPRegen  0.47/turn              A - ring of Ashenzari's Ennui {EV+4, Range, Self} (curse)
MPRegen  0.49/turn              I - ring of the Shackled Repose {Fly, Self, Alch} (curse)

@: statue-form, flying, very slightly contaminated, hasted, curled up
A: slow and powerful, torment resistance 1, boosted hp, large, rugged brown
scales 3, see invisible, deformed body, roll 1, armoured tail, reflexive curl
a: Rolling Charge, End Transformation, Renounce Religion, Shatter the Chains


You were on level 4 of the Snake Pit.
You worshipped Ashenzari.
Ashenzari was exalted by your worship.
You were a living statue of rough stone.
You visited 6 branches of the dungeon, and saw 29 of its levels.
You also visited: Bailey and Gauntlet.

You collected 3411 gold pieces.
You spent 2379 gold pieces at shops.

Inventory:

Missiles
 c - 674 stones
 B - 4 curare-tipped darts
 N - 6 atropa-tipped darts
Armour
 d - the cursed +1 buckler of Ashenzari's Liberalism (worn) {reflect, Range, Elem}
   (You bought it in a shop on level 2 of the Orcish Mines)

   It has a curse which improves the following skills: Ranged Combat: Slings,
   Bows, Crossbows and Throwing.
   Elements:  Fire Magic, Ice Magic, Air Magic and Earth Magic.
 e - the cursed +2 robe of Ouranomancy (melded) {Archmagi, Melee, Bglg}
   (You found it on level 1 of the Dungeon)

   It has a curse which improves the following skills: Melee Combat: Short
   Blades, Long Blades, Axes, Maces & Flails, Polearms, Staves and Unarmed
   Combat.
   Beguiling: Conjurations, Hexes and Translocations.
 i - the cursed +1 pair of gloves of the Bound Loss (melded) {Evo, Self}
   (You found it on level 2 of the Dungeon)

   It has a curse which improves the following skills: Evocations: Evocations.
   Introspection: Fighting and Spellcasting.
 t - the cursed +0 helmet of Toth-Mos's Legacy (worn) {Comp, Evo}
   (You found it on level 5 of the Dungeon)

   It has a curse which improves the following skills: Companions: Summonings
   and Necromancy.
   Evocations: Evocations.
 w - the cursed +0 barding "Gaze Upon Infinity" (melded) {Cun, Comp}
   (You took it off Nessos on level 4 of the Lair of Beasts)

   It has a curse which improves the following skills: Cunning: Dodging and
   Stealth.
   Companions: Summonings and Necromancy.
 W - the cursed +2 cloak "Gaze Upon Infinity" (worn) {Bglg, Cun}
   (You found it on level 3 of the Snake Pit)

   It has a curse which improves the following skills: Beguiling: Conjurations,
   Hexes and Translocations.
   Cunning:   Dodging and Stealth.
Magical Staves
 o - a cursed staff of conjuration (weapon) {Evo, Elem}
Jewellery
 g - a ring of protection from cold
 n - an amulet of the acrobat
 r - a ring of magical power
 u - a ring of ice
 A - the cursed ring of Ashenzari's Ennui (left fist) {EV+4, Range, Self}
   (You found it on level 7 of the Dungeon)

   [ring of evasion]

   It affects your evasion (+4).
   It has a curse which improves the following skills: Ranged Combat: Slings,
   Bows, Crossbows and Throwing.
   Introspection: Fighting and Spellcasting.
 I - the cursed ring of the Shackled Repose (right fist) {Fly, Self, Alch}
   (You found it on level 10 of the Dungeon)

   [ring of flight]

   It grants you flight.
   It has a curse which improves the following skills: Introspection: Fighting
   and Spellcasting.
   Alchemy:   Poison Magic and Transmutations.
 L - an amulet of reflection
 P - the cursed amulet "Cosmic Fortune-Teller" (around neck) {RegenMP rElec Dex+4 Slay+5, Self, Evo}
   (You found it in a Gauntlet)

   [amulet of magic regeneration]

   It increases your rate of magic regeneration.
   It affects your dexterity (+4).
   It affects your accuracy and damage with ranged weapons and melee attacks
   (+5).
   It insulates you from electricity.
   It has a curse which improves the following skills: Introspection: Fighting
   and Spellcasting.
   Evocations: Evocations.
 Z - a +4 ring of slaying
Wands
 C - a wand of paralysis (40)
 J - a wand of digging (7)
 M - a wand of mindburst (42)
 Q - a wand of charming (2)
 T - a wand of acid (8)
 Y - a wand of flame (15)
Scrolls
 f - 10 scrolls of immolation
 h - 4 scrolls of magic mapping
 l - 5 scrolls of teleportation {@r4}
 q - 3 scrolls of holy word
 s - 5 scrolls of fog
 v - 2 scrolls of blinking
 x - 6 scrolls of vulnerability
 y - 2 scrolls of fear
 z - 4 scrolls of enchant weapon
 E - 3 scrolls of amnesia
 R - a scroll of brand weapon
 V - a scroll of enchant armour
Potions
 a - 7 potions of mutation
 b - 11 potions of curing {@q1}
 j - 5 potions of flight
 k - 6 potions of attraction
 m - 5 potions of brilliance
 p - 2 potions of heal wounds {@q2}
 D - a potion of might
 F - 3 potions of berserk rage
 H - 4 potions of haste {@q3}
 K - a potion of resistance
 O - 2 potions of magic
 S - 2 potions of cancellation
 X - a potion of invisibility
Miscellaneous
 G - a phantom mirror
 U - a phial of floods


   Skills:
 - Level 14.1(19.4) Fighting
 - Level 6.4 Staves
 + Level 6.0 Armour
 - Level 12.3(14.9) Dodging
 - Level 1.2(3.1) Stealth
 - Level 6.4 Shields
 - Level 7.0(12.7) Spellcasting
 - Level 13.3(16.0) Conjurations
 - Level 1.0(2.7) Summonings
 - Level 4.5(7.4) Transmutations
 + Level 14.2(18.2) Earth Magic
 - Level 3.2(8.2) Evocations


You had 3 spell levels left.
You knew the following spells:

 Your Spells              Type           Power      Damage    Failure   Level
a - Irradiate             Conj/Tmut      39%        3d26      1%          5
b - Iron Shot             Conj/Erth      47%        9d9       1%          6
c - Orb of Destruction    Conj           45%        9d15      5%          7
d - Lee's Rapid Deconstr  Erth           38%        3d20*     1%          5
e - Statue Form           Tmut/Erth      42%        N/A       3%          6
g - Foxfire               Conj/Fire      100%       2x1d9     1%          1
h - Shatter               Erth           38%        3d30*     95%         9

Your spell library contained the following spells:

 Spells                   Type           Power      Damage    Failure   Level
 Sandblast                Erth           100%       2d20      0%          1
 Stone Arrow              Conj/Erth      100%       3d13      0%          3
 Sting                    Tmut/Pois      100%       1d8       1%          1
 Summon Small Mammal      Summ           100%       N/A       1%          1
 Passwall                 Tmut/Erth      52%        N/A       1%          2
 Static Discharge         Conj/Air       66%        N/A       1%          2
 Conjure Flame            Conj/Fire      66%        6-21      1%          3
 Dazzling Flash           Conj/Hex       100%       N/A       1%          3
 Mephitic Cloud           Conj/Pois/Air  55%        N/A       1%          3
 Call Imp                 Summ           26%        N/A       2%          2
 Animate Skeleton         Necr           30%        N/A       3%          1
 Apportation              Tloc           30%        N/A       3%          1
 Corona                   Hex            16%        N/A       3%          1
 Pain                     Necr           60%        1d7       3%          1
 Call Canine Familiar     Summ           26%        N/A       4%          3
 Ignite Poison            Fire/Tmut/Pois 26%        N/A       4%          3
 Ensorcelled Hibernation  Hex/Ice        32%        N/A       5%          2
 Poisonous Vapours        Pois/Air       32%        N/A       5%          2
 Blink                    Tloc           N/A        N/A       6%          2
 Sublimation of Blood     Necr           7%         N/A       6%          2
 Summon Guardian Golem    Hex/Summ       20%        N/A       7%          3
 Inner Flame              Hex/Fire       16%        N/A       11%         3
 Confusing Touch          Hex            15%        N/A       12%         3
 Gell's Gravitas          Tloc           7%         N/A       12%         3
 Lesser Beckoning         Tloc           7%         N/A       12%         3
 Teleport Other           Tloc           15%        N/A       12%         3
 Tukima's Dance           Hex            15%        N/A       12%         3
 Vampiric Draining        Necr           7%         2d7       12%         3
 Petrify                  Tmut/Erth      63%        N/A       1%          4
 Sticky Flame             Conj/Fire      66%        2d8       1%          4
 Bolt of Magma            Conj/Fire/Erth 39%        4d17      1%          5
 Iskenderun's Battlesphe  Conj           91%        2d14      1%          5
 Fireball                 Conj/Fire      33%        3d14      4%          5
 Lightning Bolt           Conj/Air       33%        1d50      4%          5
 Blade Hands              Tmut           23%        N/A       6%          5
 Summon Ice Beast         Ice/Summ       21%        N/A       22%         4
 Summon Lightning Spire   Summ/Air       21%        N/A       22%         4
 Alistair's Intoxication  Tmut/Pois      20%        N/A       26%         5
 Yara's Violent Unravell  Hex/Tmut       15%        3d8       26%         5
 Animate Dead             Necr           7%         N/A       36%         4
 Olgreb's Toxic Radiance  Pois           15%        N/A       36%         4
 Spellforged Servitor     Conj/Summ      35%        N/A       63%         7
 Agony                    Necr           15%        N/A       71%         5
 Manifold Assault         Tloc           15%        N/A       71%         5
 Metabolic Englaciation   Hex/Ice        8%         N/A       71%         5
 Eringya's Noxious Bog    Tmut/Pois      15%        N/A       80%         6
 Dragon Form              Tmut           23%        N/A       87%         7
 Invisibility             Hex            7%         N/A       99%         6
 Storm Form               Tmut/Air       16%        N/A       100%        7
 Ignition                 Fire           8%         3d5       100%        8
 Polar Vortex             Ice            8%         N/A       100%        9


Dungeon Overview and Level Annotations

Branches:
Dungeon (15/15)            Temple (1/1) D:6            Lair (6/6) D:10
 Shoals (0/4) Lair:2        Snake (4/4) Lair:2        Slime (0/5) Lair:5
    Orc (2/2) D:11            Elf (1/3) Orc:2        Vaults (0/5) D:13
 Depths (0/5) D:15         Bailey (visited)         Gauntlet (visited)

Altars:
Ashenzari
Cheibriados
Dithmenos
Elyvilon
Fedhas
Gozag
Hepliaklqana
Kikubaaqudgha
Makhleb
Nemelex Xobeh
Okawaru
Qazlal
Ru
Sif Muna
Trog
Uskayaw
Vehumet
Wu Jian
Xom
Yredelemnul
Zin
The Shining One

Shops:
Orc:2 (:[*   Elf:1 :=:   Snake:2 *[   Snake:3 =

Annotations:
D:4 exclusion: upstairs
D:5 3 runed translucent doors, TODO's ghost, amateur TrHu
Lair:3 2 transporters
Snake:3 1 runed translucent door, mdk's ghost, adept MiHu
Orc:2 3 runed translucent doors, Drazool's ghost, journeyman GnWn


Innate Abilities, Weirdness & Mutations

You are a living statue of rough stone.
Your actions are slow, but your melee attacks are powerful.
You are resistant to unholy torment.
Your maximum health is greatly increased.
You are immune to poison.
Your equipment is partially melded.
(You are completely covered in rugged brown scales. (AC +3, +7% HP))
You have supernaturally acute eyesight. (SInv)
Armour fits poorly on your strangely shaped body.
You can roll at nearby foes to attack.
You have a long armoured tail.
You curl defensively after being hit.


Message History

The naga warrior no longer looks unusually strong.
The naga no longer looks unusually strong.
The nagaraja completely misses you. x2
The nagaraja hits you but does no damage.
The nagaraja grabs you. The nagaraja constricts you.
Casting: Irradiate (mildly dangerous; 1% risk of failure)
Confirm with . or Enter, or press ? or * to list all spells.
You feel a surge of power!
You erupt in a fountain of uncontrolled magic!
The naga warrior is blasted with magical radiation!!!
The naga warrior is heavily wounded.
The naga warrior twists and deforms.
The nagaraja is blasted with magical radiation!!!
You kill the nagaraja!
The naga no longer looks unusually strong.
The naga warrior no longer looks unusually strong.
The naga warrior roars a battlecry!
The nagas go into a battle-frenzy!
The naga warrior hits you with a +1 long sword of holy wrath!!
* * * LOW HITPOINT WARNING * * *
The naga warrior grabs you. The naga warrior constricts you.
The naga closely misses you.
Your Armour skill increases to level 6!
The naga warrior's grasp on you weakens, but your attempt to escape fails.
The naga warrior loses its grip on you.
The naga hits you from afar with a +0 glaive!
* * * LOW HITPOINT WARNING * * *
The naga warrior spits poison at you.
Your cursed +1 buckler of Ashenzari's Liberalism {reflect, Range, Elem} reflects the splash of poison!
The splash of poison hits the naga warrior.
The naga misses you.
The naga shouts!
You feel yourself speed up.
The naga no longer looks unusually strong.
You block the naga warrior's attack. x2
The naga warrior spits poison at you.
The splash of poison hits you but does no damage.
You resist. The naga closely misses you.
The naga warrior hits you with a +1 long sword of holy wrath!!
You die...

###....#######
##......#######
##......######## **
##......######### *
#.....)##########
,,,,.............####### ,
.............[....####
,,......#......NN......###
,
,............8NNN......#*
* *
##......#####.N)N......* *
#......########)......
#......#########.#.#..
#..#...#########.#... * ,
,,, #######.... . * * , ,
* , , .., , , ,,, ,, , ,
.. , , , * ,,, , ,.##


You could see 2 naga warriors and 5 nagas.

Vanquished Creatures
  Jorgrun (Orc:2)
  Rupert (Lair:4)
  Kirke (Lair:4)
  Roxanne (Snake:4)
  A deep elf sorcerer (Elf:1)
  5 nagarajas
  An orc warlord (Orc:1)
  An ironbound preserver (D:13)
  Nessos (Lair:4)
  A minotaur (Gauntlet)
  Azrael (Elf:1)
  2 deep elf demonologists (Elf:1)
  Snorg (D:11)
  A yaktaur captain (D:11)
  12 naga warriors
  5 hydras
  A salamander tyrant (Snake:4)
  6 boulder beetles
  A hell beast (Gauntlet)
  Erica (Lair:2)
  A catoblepas (Lair:6)
  7 centaur warriors
  2 tengu warriors (D:15)
  7 anacondas
  2 dancing weapons (Elf:1)
  4 two-headed ogres
  A death scarab (Gauntlet)
  7 shock serpents
  A deep elf knight (Elf:1)
  4 naga sharpshooters
  6 orc high priests (Orc:2)
  Sonja (Lair:6)
  2 salamander mystics (Snake:3)
  10 skeletal warriors
  4 naga ritualists
  3 sea snakes (Snake:4)
  A wizard (D:15)
  4 deep elf archers (Elf:1)
  3 orc knights
  Pikel (D:9)
  A necromancer (D:15)
  A lindwurm (Lair:6)
  A phantasmal warrior (D:15)
  6 mana vipers
  2 manticores (D:13)
  3 deep elf zephyrmancers (Elf:1)
  A frost giant zombie (D:15)
  5 orc sorcerers
  24 elephants
  9 cyclopes
  12 ugly things
  12 salamanders
  A salamander (shapeshifter) (D:14)
  18 naga magi
  3 guardian serpents (Snake:4)
  A merfolk siren (Lair:2)
  19 black mambas
  A molten gargoyle (D:14)
  A gargoyle (D:11)
  2 torpor snails
  11 cane toads
  A spriggan skeleton (D:15)
  Maggie (D:7)
  Psyche (D:9)
  2 unseen horrors
  5 rime drakes
  3 kobold demonologists
  A yaktaur (D:15)
  2 efreet
  2 freezing wraiths
  12 komodo dragons
  3 tengu conjurers
  2 trolls
  A meliai (D:13)
  2 hornets (Lair:6)
  A slime creature (D:13)
  7 polar bears
  A raiju (shapeshifter) (D:13)
  Prince Ribbit (D:8)
  A deep troll zombie (D:15)
  25 blink frogs
  5 dream sheep
  A shadow (D:9)
  A centaur simulacrum (D:15)
  An air elemental (Elf:1)
  2 water elementals (Elf:1)
  Sigmund (D:3)
  14 spriggans
  A vampire (D:12)
  56 yaks
  A tarantella (shapeshifter) (D:13)
  8 wyverns
  2 hogs
  4 fire bats (Gauntlet)
  4 fire elementals (Elf:1)
  A steam dragon (D:8)
  10 vampire mosquitoes
  Grum (D:8)
  4 basilisks
  Menkaure (D:6)
  A human zombie (D:15)
  3 wargs
  17 water moccasins
  42 nagas
  5 acid dragons
  A spectral cane toad (Gauntlet)
  Edmund (D:6)
  4 hell hounds
  2 ice beasts (D:8)
  47 orc warriors
  3 black bears
  4 ogres
  4 boggarts (Lair:6)
  2 necrophages (D:8)
  57 wolves
  20 centaurs
  4 lemures
  A phantom (D:5)
  11 bullfrogs
  A kobold brigand (D:7)
  A gnoll sergeant (D:13)
  A wyvern zombie (D:7)
  3 scorpions
  2 earth elementals (Elf:1)
  18 wights
  10 killer bees
  3 howler monkeys
  3 jellies
  8 crimson imps (D:13)
  8 electric eels
  7 centaur zombies
  A bullfrog zombie (D:5)
  22 orc priests
  3 hounds
  A bullfrog skeleton (D:5)
  2 gnoll shamans
  2 iguanas
  25 orc wizards
  A hound zombie (D:5)
  4 howler monkey zombies
  16 gnolls
  7 adders
  5 white imps
  An adder skeleton (D:4)
  2 dart slugs (D:4)
  108 orcs
  12 endoplasms
  4 giant cockroaches
  36 goblins
  20 hobgoblins
  3 jackals (D:2)
  13 kobolds
  2 quokkas
  7 ball pythons
  4 bats
  A frilled lizard (D:1)
  9 rats
1047 creatures vanquished.

Vanquished Creatures (collateral kills)
  A hydra (Lair:3)
  A black mamba (Lair:3)
  A water elemental (Elf:1)
3 creatures vanquished.

Vanquished Creatures (others)
  A hydra (Lair:6)
  2 deep elf knights (Elf:1)
  A deep elf pyromancer (Elf:1)
  An air elemental (Elf:1)
  A human (Lair:5)
  2 bushes (Lair:6)
  174 foxfires
  55 fungi
  108 plants
  8 withered plants (D:15)
353 creatures vanquished.

Grand Total: 1403 creatures vanquished

Notes
Turn   | Place    | Note
-------+----------+-------------------------------------------
     0 | D:1      | freelancePsychic the Palentonga Earth Elementalist began
                  | the quest for the Orb.
     0 | D:1      | Reached XP level 1. HP: 13/13 MP: 3/3
   488 | D:1      | Reached XP level 2. HP: 17/20 MP: 5/5
  1091 | D:2      | Reached skill level 1 in Conjurations
  1464 | D:2      | Reached XP level 3. HP: 25/25 MP: 6/6
  1598 | D:2      | Found a faded altar of an unknown god.
  1772 | D:3      | Learned a level 3 spell: Stone Arrow
  1981 | D:3      | Learned a level 1 spell: Foxfire
  2016 | D:3      | Reached XP level 4. HP: 32/32 MP: 2/8
  2155 | D:3      | Noticed Sigmund
  2234 | D:3      | Noticed an ogre
  2278 | D:4      | Reached XP level 5. HP: 26/37 MP: 1/9
  2442 | D:4      | Identified the +11 whip of Efukhij {distort, *Slow +Rage
                  | rN++ Str+4}
  3433 | D:3      | Killed Sigmund
  3434 | D:3      | Reached XP level 6. HP: 22/43 MP: 1/12
  3770 | D:3      | Gained mutation: You curl defensively after being hit.
                  | [Palentonga growth]
  3770 | D:3      | Reached XP level 7. HP: 49/49 MP: 10/13
  4046 | D:3      | Identified a scroll of acquirement
  4046 | D:3      | Acquired a staff of conjuration
  4397 | D:4      | Reached skill level 5 in Earth Magic
  4821 | D:5      | Entered Level 5 of the Dungeon
  5133 | D:5      | Reached skill level 5 in Conjurations
  5133 | D:5      | Reached XP level 8. HP: 55/55 MP: 0/14
  5294 | D:5      | Reached skill level 1 in Fighting
  5363 | D:5      | Found a runed translucent gate.
  5363 | D:5      | Found a runed translucent gate.
  5363 | D:5      | Found a runed translucent gate.
  5366 | D:5      | Noticed TODO's ghost (amateur TrHu)
  5824 | D:6      | Noticed Menkaure
  5824 | D:6      | Noticed Edmund
  6056 | D:6      | Killed Edmund
  6347 | D:6      | Found a staircase to the Ecumenical Temple.
  6457 | Temple   | Entered the Ecumenical Temple
  6526 | Temple   | Became a worshipper of Ashenzari the Shackled
  6944 | D:6      | Killed Menkaure
  7168 | D:7      | Noticed Maggie
  7177 | D:7      | Killed Maggie
  7178 | D:7      | Reached skill level 5 in Fighting
  7178 | D:7      | Reached XP level 9. HP: 62/72 MP: 3/15
  7561 | D:7      | Noticed a kobold demonologist
  7659 | D:7      | Noticed a sun demon
  7659 | D:7      | Killed a kobold demonologist
  7686 | D:7      | Noticed a kobold demonologist
  7690 | D:7      | Killed a kobold demonologist
  8516 | D:8      | Learned a level 5 spell: Lee's Rapid Deconstruction
  8542 | D:8      | Noticed Grum
  8552 | D:8      | Reached XP level 10. HP: 79/85 MP: 2/16
  8700 | D:8      | Killed Grum
  8842 | D:8      | Noticed Prince Ribbit
  8860 | D:8      | Killed Prince Ribbit
  9019 | D:8      | Noticed a cyclops
  9020 | D:8      | Noticed a centaur warrior
  9696 | D:8      | Reached * piety under Ashenzari
  9702 | D:8      | Killed a centaur warrior
 10140 | D:9      | Noticed Pikel
 10241 | D:8      | Killed a cyclops
 10653 | D:8      | Reached ** piety under Ashenzari
 10815 | D:9      | Noticed Psyche
 10827 | D:9      | Killed Psyche
 10928 | D:9      | Found an opulent altar of Gozag.
 11094 | D:9      | Reached skill level 5 in Dodging
 11224 | D:9      | Reached XP level 11. HP: 62/92 MP: 0/17
 11343 | D:9      | Noticed a red ugly thing
 11353 | D:9      | Killed a red ugly thing
 11546 | D:9      | Noticed a two-headed ogre
 11550 | D:9      | Killed a two-headed ogre
 11551 | D:9      | Reached skill level 10 in Earth Magic
 11663 | D:9      | Noticed a skeletal warrior
 11676 | D:9      | Killed a skeletal warrior
 12036 | D:9      | Noticed a boulder beetle
 12454 | D:9      | Killed a boulder beetle
 12503 | D:9      | Killed Pikel
 12655 | D:10     | Entered Level 10 of the Dungeon
 12739 | D:10     | Reached skill level 1 in Evocations
 13263 | D:10     | Found a staircase to the Lair.
 13310 | D:10     | Reached *** piety under Ashenzari
 13407 | D:10     | Reached skill level 5 in Spellcasting
 13901 | D:10     | Identified the +2 leather armour of Cheibriados's Whim
                  | {rN++ Str-2 Int+5}
 14064 | D:10     | Reached **** piety under Ashenzari
 14070 | Lair:1   | Entered Level 1 of the Lair of Beasts
 14104 | Lair:1   | Noticed a four-headed hydra
 14112 | Lair:1   | Killed a four-headed hydra
 14141 | Lair:1   | Reached XP level 12. HP: 96/110 MP: 17/25
 14706 | Lair:1   | Reached skill level 10 in Fighting
 15075 | Lair:1   | Learned a level 5 spell: Irradiate
 15612 | Lair:2   | Noticed Erica
 15622 | Lair:2   | Killed Erica
 15951 | Lair:2   | Found a staircase to the Snake Pit.
 16164 | Lair:2   | Found a staircase to the Shoals.
 17177 | Lair:3   | Noticed a six-headed hydra
 17180 | Lair:3   | Killed a six-headed hydra
 17186 | Lair:3   | Noticed a boulder beetle
 17669 | Lair:3   | Reached XP level 13. HP: 118/118 MP: 21/27
 17717 | Lair:4   | Noticed Rupert
 17861 | Lair:4   | Found a frozen archway.
 17881 | Lair:3   | Found a stormy altar of Qazlal.
 18095 | Lair:3   | Found a transporter.
 18590 | Lair:3   | Found a transporter.
 18592 | Lair:3   | Identified the -2 helmet "Qeahuefe" {rN+ Dex+4}
 19285 | Lair:4   | Reached skill level 10 in Conjurations
 19619 | Lair:4   | Killed Rupert
 19886 | Lair:4   | Noticed Nessos
 19892 | Lair:4   | Killed Nessos
 21108 | Lair:5   | Noticed Kirke
 21199 | Lair:4   | Identified the cursed +0 cloak of the Prophetic Chagrin
                  | {Range, Fort} (You found it on level 1 of the Dungeon)
 21199 | Lair:4   | Identified the cursed +0 helmet of Toth-Mos's Legacy {Comp,
                  | Evo} (You found it on level 5 of the Dungeon)
 21199 | Lair:4   | Identified the cursed +1 pair of gloves of the Bound Loss
                  | {Evo, Self} (You found it on level 2 of the Dungeon)
 21199 | Lair:4   | Identified the cursed ring of Ashenzari's Ennui {EV+4,
                  | Range, Self} (You found it on level 7 of the Dungeon)
 21409 | Lair:4   | Killed Kirke
 21956 | Lair:5   | Reached skill level 10 in Dodging
 21969 | Lair:5   | Found a staircase to the Slime Pits.
 22635 | Lair:6   | Entered Level 6 of the Lair of Beasts
 22710 | Lair:5   | Reached XP level 14. HP: 104/128 MP: 11/28
 24395 | Lair:6   | Noticed Sonja
 24400 | Lair:6   | Killed Sonja
 25405 | Lair:6   | Reached skill level 1 in Shields
 26849 | D:11     | Found a staircase to the Orcish Mines.
 26851 | D:11     | Found a flagged portal.
 26879 | Bailey   | Entered a bailey
 27455 | Bailey   | Identified the +3 executioner's axe "Earthworm" {vorpal,
                  | rPois rF- Dex+9}
 27554 | Bailey   | Reached XP level 15. HP: 134/138 MP: 10/29
 27817 | Orc:1    | Entered Level 1 of the Orcish Mines
 27818 | Orc:1    | Upgraded the game from 0.27-a0-1299-g1ab19c6527 to
                  | 0.27-a0-1301-g128193abf8
 27914 | Orc:1    | Found a bloodstained altar of Trog.
 27961 | Orc:2    | Entered Level 2 of the Orcish Mines
 28011 | Orc:2    | Paralysed by an orc sorcerer for 6 turns
 29135 | Orc:2    | Reached ***** piety under Ashenzari
 29137 | Orc:2    | Found an iron altar of Okawaru.
 29137 | Orc:2    | Noticed Drazool's ghost (journeyman GnWn)
 29260 | Orc:2    | Noticed Jorgrun
 29325 | Orc:2    | Killed Jorgrun
 29644 | Orc:2    | Found a runed translucent gate.
 29644 | Orc:2    | Found a runed translucent gate.
 29644 | Orc:2    | Found a runed translucent gate.
 29645 | Orc:2    | Identified the +10 glaive "Dragon's Tongue" {freeze, Dex+3}
 29828 | Orc:2    | Found a staircase to the Elven Halls.
 29993 | Orc:2    | Reached XP level 16. HP: 150/150 MP: 22/32
 31413 | Orc:2    | Found Nuhuem's General Store.
 31414 | Orc:2    | Found Iwiym's Antique Armour Shoppe.
 31414 | Orc:2    | Found Dyceonu's Book Shoppe.
 31415 | Orc:2    | Found Ixkomy Mire's Antique Weapon Emporium.
 31431 | Orc:2    | Bought a scroll of blinking for 82 gold pieces
 31431 | Orc:2    | Bought a potion of resistance for 110 gold pieces
 31696 | Orc:2    | Bought a glowing buckler for 232 gold pieces
 32613 | D:11     | Noticed Snorg
 32620 | D:11     | Killed Snorg
 33331 | D:12     | Found a gate leading to a gauntlet.
 33341 | Gauntlet | Entered a Gauntlet
 33341 | Gauntlet | Found a transporter.
 33341 | Gauntlet | Found a transporter.
 33369 | Gauntlet | Found a transporter.
 33372 | Gauntlet | Found a transporter.
 33380 | Gauntlet | Found a transporter.
 33381 | Gauntlet | Identified the +5 pair of boots of Zatiyhy {rN+ Str+2
                  | Dex+6}
 33384 | Gauntlet | Found a transporter.
 33392 | Gauntlet | Found a transporter.
 33393 | Gauntlet | Identified the amulet "Esofuolis" {RegenMP rElec Dex+4
                  | Slay+5}
 33409 | Gauntlet | Found a transporter.
 33413 | Gauntlet | Found a runed translucent door.
 33430 | Gauntlet | Found a transporter.
 33431 | Gauntlet | Found a transporter.
 33439 | Gauntlet | Found a transporter.
 33443 | Gauntlet | Found a transporter.
 33915 | Gauntlet | Identified the amulet "Hivveluq" {rElec Will+ Regen+ Int-2}
 34507 | D:12     | Reached skill level 1 in Staves
 36643 | D:13     | Found a gate to the Vaults.
 37419 | D:14     | HP: 3/158 [white ugly thing (22)]
 38500 | D:14     | Reached skill level 1 in Armour
 38807 | D:14     | Identified the +1 robe of Woidoin {Fly rN+}
 39081 | D:15     | Entered Level 15 of the Dungeon
 39294 | D:14     | Learned a level 6 spell: Statue Form
 39322 | D:14     | Identified the cursed +2 robe of Ouranomancy {Archmagi,
                  | Melee, Bglg} (You found it on level 1 of the Dungeon)
 39541 | D:15     | Found a staircase to the Depths.
 39638 | D:15     | Reached XP level 17. HP: 106/165 MP: 4/34
 39883 | D:15     | Found a burning altar of Makhleb.
 40732 | Elf:1    | Entered Level 1 of the Elven Halls
 40774 | Elf:1    | Noticed Azrael
 40799 | Elf:1    | Killed Azrael
 41131 | Elf:1    | Paralysed by an air elemental for 1 turns
 41170 | Elf:1    | Reached skill level 5 in Shields
 41659 | Elf:1    | Paralysed by an air elemental for 1 turns
 42052 | Elf:1    | Found Kupy Neps's Book Emporium.
 42053 | Elf:1    | Found Vaikezur's Jewellery Shop.
 42054 | Elf:1    | Found Udesmix's Book Emporium.
 42061 | Elf:1    | Bought a book of Power for 765 gold pieces
 42061 | Elf:1    | Bought a book of the Tempests for 1190 gold pieces
 42068 | Elf:1    | Learned a level 6 spell: Iron Shot
 42076 | Elf:1    | Learned a level 7 spell: Orb of Destruction
 42086 | Elf:1    | Learned a level 9 spell: Shatter
 42389 | Snake:1  | Entered Level 1 of the Snake Pit
 43469 | Snake:2  | Reached ****** piety under Ashenzari
 43526 | Snake:2  | Identified the cursed +0 barding "Gaze Upon Infinity" {Cun,
                  | Comp} (You took it off Nessos on level 4 of the Lair of
                  | Beasts)
 43719 | Snake:2  | Identified the +5 ring mail of Apathy {Int+2}
 43999 | Snake:2  | Reached skill level 1 in Summonings
 44165 | Snake:2  | Found Qudotac's Assorted Antiques.
 44168 | Snake:2  | Found Wyes's Armour Emporium.
 44848 | Snake:3  | Reached skill level 5 in Staves
 45110 | Snake:3  | Found a runed translucent door.
 45110 | Snake:3  | Found a shimmering altar of Xom.
 45110 | Snake:3  | Noticed mdk's ghost (adept MiHu)
 45214 | Snake:3  | Found Ixoxouno's Jewellery Emporium.
 45671 | Snake:4  | Entered Level 4 of the Snake Pit
 46034 | Snake:4  | Reached XP level 18. HP: 127/173 MP: 28/35
 46623 | Snake:4  | Noticed Roxanne
 46629 | Snake:4  | Killed Roxanne
 46630 | Snake:4  | Reached skill level 5 in Armour
 47361 | Snake:4  | Slain by a naga warrior

Illustrated notes

Levels and vault maps discovered:
D:1:      giann_wishing_wells, layout_basic
D:2:      layout_loops_ring, ebering_ecumenical_altar_webs
D:3:      layout_basic, uniq_sigmund
D:4:      minmay_goblin_kobold_castle, layout_rooms, serial_curves,
          eino_curves_01, eino_curves_03, moated_statue, serial_bayou_ford_a
D:5:      layout_loops_ring, gammafunk_ghost_nasty_kobolds
D:6:      layout_rooms, temple_pool_b, kennysheep_pointless_box,
          dk_noncrumbling_2, uniq_menkaure, uniq_edmund
D:7:      layout_gridville, grunt_decor_cap, uniq_maggie
D:8:      nzn_winding_woodlands_small [nzn_winding_woodlands_5x15_zeroes,
          nzn_winding_woodlands_center_garden,
          nzn_winding_woodlands_5x15_default], layout_cave_pods,
          hangedman_abyss_or_decor_stagger, uniq_prince_ribbit1, uniq_grum
D:9:      minmay_slanted_spiral_squares, layout_long_grid,
          nicolae_gozag_cash_rules_everything_around_me, grunt_decor_one_mirror,
          uniq_psyche, uniq_pikel
D:10:     layout_stronghold, david_lair_shrubbed, corner_web_ring,
          minmay_door_square
D:11:     layout_irregular_city, orc_0_dummy, enter_bailey_4,
          kennysheep_just_a_vault, uniq_snorg
D:12:     layout_loops_ring, gauntlet_entry_generic
D:13:     layout_basic, skrybe_vaults_entry_preservation, minmay_nine_imps
D:14:     layout_loops_ring, nicolae_lava_and_water
D:15:     gammafunk_depths_entry_grave, layout_long_grid, bloody_makhleb
Temple:   compressed_dpeg_triangle_lava_temple
Lair:1:   layout_loops_ring, guppyfry_lair_drakes
Lair:2:   layout_hall_layers, minmay_shoals_entry_lonely_mermaid,
          minmay_snake_entry_guardpost_small, minmay_holes, beast_lair_carwin_1,
          grunt_megastairs_5, uniq_erica
Lair:3:   gammafunk_cloud_chamber, layout_gridlike, basic_altar,
          serial_bayou_shore_b, grunt_megastairs_4
Lair:4:   layout_gridlike, nicolae_volcano_entry_two_sided,
          portal_ice_cave_rime, infiniplex_staircase_pool_2, uniq_rupert,
          uniq_nessos
Lair:5:   layout_regular_city, minmay_slime_entry_oklob_open, uniq_kirke
Lair:6:   minmay_lair_end_enchanted_forest, layout_regular_city,
          serial_bayou_shore_a, grunt_megastairs_3, uniq_sonja
Snake:1:  layout_onion_interference
Snake:2:  layout_grid_maze, grunt_megastairs_2, minmay_shop_star
Snake:3:  layout_cave_pods, ebering_ghost_xom, serial_shops,
          nicolae_shop_crystal, nicolae_coiled_stairwell_down,
          lemuel_fruit_tree, serial_bayou_shore_b
Snake:4:  minmay_snake_end_coiled, layout_chambers, special_room,
          serial_bayou_lagoon_b, uniq_roxanne
Orc:1:    layout_diamond_mine, basic_altar
Orc:2:    st_orc_congregation, layout_diamond_mine,
          gammafunk_ghost_fury_of_okawaru, uniq_jorgrun
Elf:1:    layout_geoelf_octagon, minivault_28, minmay_shop_grove, uniq_azrael

Skill      XL: |  1  2  3  4  5  6  7  8  9 10 11 12 13 14 15 16 17 18 |
---------------+-------------------------------------------------------+-----
Earth Magic    | 3 4 5 7 9 10 11 12 13 14 | 14.2
Conjurations   | 1 2 3 5 7 9 11 13 | 13.3
Spellcasting   | 3 4 5 7 |  7.0
Fighting       | 5 7 8 9 10 12 14 | 14.1
Dodging        | 5 7 8 10 11 12 | 12.3
Evocations     | 3 |  3.2
Transmutations | 3 4 |  4.5
Shields        | 1 2 6 |  6.4
Staves         | 1 6 |  6.4
Armour         | 4 6 |  6.0
Summonings     | 1 |  1.0
Stealth        | |  1.2

Action                   |  1- 3 |  4- 6 |  7- 9 | 10-12 | 13-15 | 16-18 || total
-------------------------+-------+-------+-------+-------+-------+-------++-------
Melee: Spear             |    88 |    35 |       |       |       |       ||   123
       Unarmed           |    11 |       |       |       |       |       ||    11
       Tailslap          |     8 |     3 |     2 |     3 |    10 |    62 ||    88
       Whip              |       |    34 |     9 |       |       |       ||    43
       Staff             |       |       |    17 |    30 |    93 |   395 ||   535
 Cast: Sandblast         |     9 |    26 |    23 |     1 |       |       ||    59
       Foxfire           |     4 |    27 |    66 |       |       |       ||    97
       Stone Arrow       |       |       |   103 |   298 |   657 |   384 ||  1442
       Lee's Rapid Decon |       |       |       |    17 |    13 |     6 ||    36
       Irradiate         |       |       |       |    12 |    28 |    81 ||   121
       Statue Form       |       |       |       |       |       |    34 ||    34
       Iron Shot         |       |       |       |       |       |    99 ||    99
       Orb of Destructio |       |       |       |       |       |     4 ||     4
Invok: Curse Item        |       |       |     1 |     5 |     2 |     5 ||    13
       Shatter the Chain |       |       |       |       |       |     3 ||     3
 Abil: Rolling Charge    |     3 |       |       |       |       |       ||     3
       End Transformatio |       |       |       |       |       |     1 ||     1
Evoke: Phantom mirror    |       |       |       |     2 |     2 |     1 ||     5
       Wand              |       |       |       |     2 |     9 |     7 ||    18
  Use: Scroll            |       |     1 |     3 |     2 |     4 |     7 ||    17
       Potion            |       |       |       |     1 |     7 |     7 ||    15
 Stab: Sleeping          |     5 |       |     1 |       |       |     2 ||     8
Armor: Robe              |    34 |    44 |    40 |    95 |   141 |   111 ||   465
       Skin              |       |       |       |       |       |   254 ||   254
Dodge: Dodged            |    27 |    65 |    37 |   183 |   501 |   784 ||  1597
Block: Buckler           |       |       |       |       |    39 |   343 ||   382
       Reflection        |       |       |       |       |       |    38 ||    38

Table legend: (Time is in decaauts)
 A = Elapsed time spent in this place.
 B = Non-inter-level travel time spent in this place.
 C = Inter-level travel time spent in this place.
 D = Time resting spent in this place.
 E = Time spent auto-exploring this place.
 F = Levels seen in this place.
 G = Mean time per level.
                   A        B        C        D        E       F      G
               +--------+--------+--------+--------+--------+-----+--------+
         Total |  48321 |  46688 |   1633 |   9404 |  29707 |  31 | 1558.7 |
       Dungeon |  21741 |  20963 |    778 |   2769 |  15359 |  15 | 1449.4 |
        Temple |    302 |    291 |     11 |      0 |    284 |   1 |  302.0 |
          Lair |  13214 |  12722 |    492 |   3650 |   7094 |   6 | 2202.3 |
     Snake Pit |   5569 |   5526 |     43 |    899 |   3585 |   4 | 1392.2 |
  Orcish Mines |   4569 |   4324 |    245 |   1475 |   1918 |   2 | 2284.5 |
   Elven Halls |   1416 |   1355 |     61 |    225 |    812 |   1 | 1416.0 |
        Bailey |    886 |    886 |      0 |    127 |    422 |   1 |  886.0 |
      Gauntlet |    620 |    620 |      0 |    258 |    233 |   1 |  620.0 |
               +--------+--------+--------+--------+--------+-----+--------+

Top non-repeatable levels by time:
   Orc:2: 2950 daAuts
  Lair:5: 2846 daAuts
  Lair:2: 2520 daAuts
  Lair:6: 2496 daAuts
  Lair:3: 2239 daAuts
     D:7: 2172 daAuts
    D:14: 2094 daAuts
     D:9: 1945 daAuts
     D:4: 1802 daAuts
  Lair:4: 1783 daAuts
 Snake:4: 1703 daAuts
 Snake:2: 1701 daAuts
    D:13: 1651 daAuts
   Orc:1: 1619 daAuts
     D:8: 1605 daAuts
